[Event "*** Titled Tuesday Blitz"]
[Site "Chess.com"]
[Date "2019.12.03"]
[Round "7"]
[White "politeplayer"]
[Black "ChessBitl"]
[Result "1/2-1/2"]
[WhiteElo "2231"]
[BlackElo "2372"]
[TimeControl "180+2"]
[EndTime "14:33:29 PST"]
[Termination "Game drawn by repetition"]

1. d4 d5 2. e4 dxe4 3. Nc3 Nf6 4.
f3 exf3 5. Nxf3 Bf5 6. Bc4 e6 7. O-O Bd6 8. Bg5 O-O 9. Qe1 h6 10.
Bh4 Nbd7 11. Ne5 Nb6 12. Bb3 a5 13. a4 c5 14. g4 Bh7 15. Bxf6 gxf6 16. Nxf7 Rxf7 17.
Qxe6 Qe7 18. Rxf6 Qxe6 19. Bxe6 cxd4 20. Nb5 Bc5 21. Rxf7 Re8 22. Re7+ Kf8 23. Rf7+ Kg8 24. Re7+ Kf8 25. Rf7+ Kg8 1/2-1/2

[Event "*** Titled Tuesday Blitz"]
[Site "Chess.com"]
[Date "2019.12.03"]
[Round "7"]
[White "andrzej"]
[Black "Sjakkerntobi"]
[Result "1-0"]
[WhiteElo "2381"]
[BlackElo "2149"]
[TimeControl "180+2"]
[EndTime "14:33:40 PST"]
[Termination "andrzej won by resignation"]

1. d4 Nf6 2. c4 e6 3. Nf3 Bb4+ 4. Bd2 Qe7 5. g3 O-O 6. Bg2 Bxd2+ 7. Qxd2 d6 8. Nc3 e5 9. O-O c6 10. e4 a5 11. Ne1 Na6 12. Nc2 Be6 13. Ne3 Nb4 14. d5 cxd5 15. exd5 Bd7 16. Rae1 Rfc8 17. f4 exf4 18.
Nf5 Qf8 19. Ne7+ Kh8 20. Nxc8 Rxc8 21. Rxf4 Qd8 22. Ref1 b5 23. Rxf6 gxf6 24. Ne4 f5 25. Qd4+ f6 26. Nxd6 Nc2 27. Qf2 1-0

[Event "*** Titled Tuesday Blitz"]
[Site "Chess.com"]
[Date "2019.12.03"]
[Round "7"]
[White "BlueWizzard"]
[Black "Joshukid"]
[Result "1-0"]
[WhiteElo "2753"]
[BlackElo "2630"]
[TimeControl "180+2"]
[EndTime "14:33:41 PST"]
[Termination "BlueWizzard won by resignation"]

1. d4 Nf6 2. Bf4 d5 3. a3 e6 4. Nc3 Bd6 5. Bg3 O-O 6. e3 Qe7 7.
Nf3 Nbd7 8. Be2 c6 9. Ne5 Ne8 10. e4 f6 11. Nf3 Bxg3 12. hxg3 Nd6 13. Qd3 f5 14. e5 Ne4 15. g4 fxg4 16. Nd2 Qg5 17.
Ncxe4 dxe4 18. Nxe4 Qf4 19. Rh4 Nb6 20. Nf6+ Rxf6 21.
Qxh7+ Kf7 22. exf6 Qxf6 23. Rxg4 Bd7 24. g3 Nd5 25. c4 Ne7 26. Rf4 Nf5 27. O-O-O Ke7 28. Bd3 Kd6 29. d5 cxd5 30. cxd5 Rc8+ 31. Kb1 Qd4 32.
Rxd4 1-0

[Event "*** Titled Tuesday Blitz"]
[Site "Chess.com"]
[Date "2019.12.03"]
[Round "7"]
[White "BigAl"]
[Black "DenishevM"]
[Result "0-1"]
[WhiteElo "2452"]
[BlackElo "2610"]
[TimeControl "180+2"]
[EndTime "14:33:44 PST"]
[Termination "DenishevM won on time"]

1. e4 c5 2. Nc3 a6 3. g3 b5 4. Bg2 Bb7 5. d3 h5 6. h3 h4 7. g4 e6 8. Nf3 Nc6 9. O-O Nge7 10. Re1 Ng6 11. d4 cxd4 12. Nxd4 Bc5 13. Be3 Qb6 14.
Nxc6 Bxc6 15. Nd5 Bxd5 16. exd5 e5 17. Be4 Nf4 18. Bxf4 Bxf2+ 19. Kg2 Bxe1 20. Qxe1 exf4 21. d6 O-O-O 22. Qd2 Rde8 23. Re1 Qc5 24. Qa5 Qxd6 0-1

[Event "*** Titled Tuesday Blitz"]
[Site "Chess.com"]
[Date "2019.12.03"]
[Round "7"]
[White "1g41-0"]
[Black "norwaytoadog"]
[Result "0-1"]
[WhiteElo "2372"]
[BlackElo "2292"]
[TimeControl "180+2"]
[EndTime "14:33:44 PST"]
[Termination "norwaytoadog won by resignation"]

1. e4 e5 2. Nf3 Nc6 3. Bb5 a6 4. Ba4 Nf6 5. O-O Be7 6. Re1 b5 7. Bb3 d6 8. c3 O-O 9. h3 Bb7 10.
d4 Re8 11. d5 Na5 12. Bc2 c6 13. b4 Nc4 14. dxc6 Bxc6 15. Nbd2 Nb6 16. Nb3 Na4 17. Qd3 Rc8 18. Na5 Bxe4 19. Rxe4 Nxc3 20. Nd2 Ncxe4 21.
Nxe4 g6 22. a3 d5 23. Nxf6+ Bxf6 24. Ra2 e4 25. Qd1 d4 26. Bb3 Qd6 27. Rd2 d3 28. Bb2 Bg5 29. Nb7 Qf4 30. Rxd3 exd3 31. Qxd3 Re1+ 32.
Qf1 Rxf1+ 0-1

[Event "*** Titled Tuesday Blitz"]
[Site "Chess.com"]
[Date "2019.12.03"]
[Round "7"]
[White "MatthewG-p4p"]
[Black "gusanchutik"]
[Result "0-1"]
[WhiteElo "2778"]
[BlackElo "2963"]
[TimeControl "180+2"]
[EndTime "14:33:50 PST"]
[Termination "gusanchutik won by resignation"]

1. Nf3 d5 2. b3 Bg4 3. Bb2 Bxf3 4. exf3 e6 5. g3 Nf6 6. Bg2 g6 7. O-O Bg7 8. f4 O-O 9. d3 c5 10. Nd2 Nc6 11. Re1 b5 12. a4 b4 13. Nf3 Re8 14.
Ne5 Nxe5 15. fxe5 Nd7 16. f4 Rc8 17. a5 Nb8 18. c4 bxc3 19. Bxc3 Nc6 20. Re2 Rb8 21.
Rb2 Bf8 22. Kh1 Qc7 23. d4 cxd4 24. Bxd4 Nxd4 25. Qxd4 Rec8 26. Rbb1 Bc5 27. Qd3 Bb4 28. a6 Rb6 29. Bf3 Rc6 30. Bd1 Rc3 31. Qd4 Qb8 32.
Ra4 Bf8 33. Ra2 h5 34. Qd2 Bb4 35. Qd4 Bf8 36. Qd2 Qb4 37. Ra4 Qb6 38. Qd4 Qb5 39.
Kg2 Rc2+ 0-1

[Event "*** Titled Tuesday Blitz"]
[Site "Chess.com"]
[Date "2019.12.03"]
[Round "7"]
[White "mitrabhaa"]
[Black "Sergey85Rodchenkov"]
[Result "0-1"]
[WhiteElo "2627"]
[BlackElo "2507"]
[TimeControl "180+2"]
[EndTime "14:33:52 PST"]
[Termination "Sergey85Rodchenkov won on time"]

1. Nf3 d5 2. c4 c6 3. g3 Nf6 4.
Bg2 dxc4 5. Qc2 g6 6. Qxc4 Bg7 7.
O-O O-O 8. Nc3 Nbd7 9. d4 Nb6 10. Qd3 Be6 11. b3 Nbd5 12. Bb2 Nxc3 13. Bxc3 Bd5 14. Bb2 Be4 15. Qe3 Qd5 16. Rac1 b6 17. Rc4 Rac8 18. Rfc1 Qh5 19. Ba3 Bd5 20. R4c2 Ng4 21. Qg5 Bxd4 22. e3 Qxg5 23. Nxg5 Nxe3 24. Bxd5 Nxc2 25. Bxe7 cxd5 0-1

[Event "*** Titled Tuesday Blitz"]
[Site "Chess.com"]
[Date "2019.12.03"]
[Round "7"]
[White "GelmanAlexander"]
[Black "Denis_Palkovich"]
[Result "1-0"]
[WhiteElo "2502"]
[BlackElo "2262"]
[TimeControl "180+2"]
[EndTime "14:33:54 PST"]
[Termination "GelmanAlexander won on time"]

1. e4 c6 2. Ne2 d5 3. e5 g6 4. d4 Bg7 5. Nbc3 Nh6 6. h4 Na6 7. h5 Bg4 8. f3 Be6 9. g4 Qb6 10. a4 O-O-O 11. a5 Qc7 12. Bf4 Qd7 13. Qd2 c5 14. Bxh6 Bxh6 15. Qxh6 Nb4 16. Qd2 f6 17. a6 fxe5 18. axb7+ Qxb7 19. dxe5 d4 20. Ne4 Qd5 21. Ra5 1-0

[Event "*** Titled Tuesday Blitz"]
[Site "Chess.com"]
[Date "2019.12.03"]
[Round "7"]
[White "Gentlejimmy7"]
[Black "scrapnel"]
[Result "1-0"]
[WhiteElo "2599"]
[BlackElo "2691"]
[TimeControl "180+2"]
[EndTime "14:33:57 PST"]
[Termination "Gentlejimmy7 won on time"]

1. d4 Nf6 2. Nf3 g6 3. g3 Bg7 4. Bg2 O-O 5. O-O d5 6. c4 dxc4 7. Na3 c3 8. bxc3 c5 9. Re1 Nc6 10. e4 Bg4 11. Bb2 Qb6 12. Rb1 Rad8 13. d5 Ne5 14. c4 Qa6 15. Bxe5 Qxa3 16. Qb3 Qxb3 17. Rxb3 b6 18. h3 Bc8 19. a4 Nd7 20. Bxg7 Kxg7 21. e5 e6 22. d6 Ba6 23. Bf1 f6 24. exf6+ Rxf6 25. Ng5 e5 26. Ne4 Re6 27. a5 Bb7 28. axb6 axb6 29. Ng5 Rxd6 30. Rd3 Rxd3 31. Ne6+ 1-0

[Event "*** Titled Tuesday Blitz"]
[Site "Chess.com"]
[Date "2019.12.03"]
[Round "7"]
[White "Alexander_Donchenko"]
[Black "Mikhail_Golubev"]
[Result "1-0"]
[WhiteElo "2736"]
[BlackElo "2612"]
[TimeControl "180+2"]
[EndTime "14:34:01 PST"]
[Termination "Alexander_Donchenko won by resignation"]

1. Nf3 d6 2. d4 Nf6 3. c4 g6 4. Nc3 Bg7 5. e4 O-O 6. Be2 e5 7. dxe5 dxe5 8. Qxd8 Rxd8 9. Bg5 c6 10. Nxe5 Re8 11.
O-O-O Na6 12. Rd6 Be6 13. f4 Nc5 14. Bf3 h6 15. Bh4 g5 16. Bf2 g4 17. Bxc5 gxf3 18. gxf3 Bf8 19. Rg1+ Kh7 20. f5 Bxd6 21. Bxd6 Rad8 22.
fxe6 Rxd6 23. exf7 Rf8 24. Ne2 Nd7 25. c5 Nxe5 26.
cxd6 Rxf7 27. f4 1-0

[Event "*** Titled Tuesday Blitz"]
[Site "Chess.com"]
[Date "2019.12.03"]
[Round "7"]
[White "Leonid_Starozhilov"]
[Black "TigrVShlyape"]
[Result "0-1"]
[WhiteElo "2669"]
[BlackElo "2844"]
[TimeControl "180+2"]
[EndTime "14:34:02 PST"]
[Termination "TigrVShlyape won on time"]

1. Nf3 Nf6 2. g3 g6 3. Bg2 Bg7 4. O-O O-O 5. d3 d5 6. c3 b6 7. Bf4 Bb7 8. d4 c5 9. Ne5 Nbd7 10. Nd2 e6 11. Ndf3 Qe7 12. Bg5 h6 13. Nxd7 Qxd7 14. Ne5 Qe7 15. Bf4 Ne4 16. f3 Nd6 17. Qc1 Kh7 18. Be3 Rac8 19. Qd1 f6 20. Nd3 c4 21. Nf2 e5 22. f4 Nf5 23. Qc1 exd4 24. Bxd4 Nxd4 25.
cxd4 Rfe8 26. Re1 f5 27. e3 b5 28. a3 a5 29. Qc2 b4 30. axb4 axb4 31. g4 b3 32. Qd2 Ra8 33. gxf5 gxf5 34. Bh3 Rxa1 35. Bxf5+ Kg8 36. Rxa1 Qxe3 37. Qb4 Bxd4 38. Rf1 Qf3 39.
Bh7+ Kh8 0-1

[Event "*** Titled Tuesday Blitz"]
[Site "Chess.com"]
[Date "2019.12.03"]
[Round "7"]
[White "Elyon2000"]
[Black "WPWPWP-2015"]
[Result "0-1"]
[WhiteElo "2367"]
[BlackElo "2542"]
[TimeControl "180+2"]
[EndTime "14:34:07 PST"]
[Termination "WPWPWP-2015 won by resignation"]

1. e4 c5 2. Nf3 d6 3. d4 cxd4 4. Nxd4 Nf6 5. Nc3 a6 6. Bg5 e6 7.
f4 Nbd7 8. Qe2 Be7 9. O-O-O h6 10. Bh4 Qc7 11. g4 b5 12. Bg2 Bb7 13. a3 O-O-O 14.
Bf2 e5 15. Nf5 Bf8 16. g5 hxg5 17. fxg5 Nh5 18. Be3 g6 19. Ng3 Nf4 20. Qd2 Nb6 21. Bf3 Nc4 22. Qe1 d5 23. exd5 b4 24. d6 Bxd6 25.
Bxb7+ Qxb7 26. Bxf4 exf4 27. Qe4 Ne3 28. Rxd6 Rxd6 29.
axb4 fxg3 30. Qxe3 Qxh1+ 0-1

[Event "*** Titled Tuesday Blitz"]
[Site "Chess.com"]
[Date "2019.12.03"]
[Round "7"]
[White "matiss90"]
[Black "Aleksandr_Kozak"]
[Result "0-1"]
[WhiteElo "2551"]
[BlackElo "2316"]
[TimeControl "180+2"]
[EndTime "14:34:19 PST"]
[Termination "Aleksandr_Kozak won by resignation"]

1. e4 c6 2. d4 d5 3. Nc3 g6 4. h3 Bg7 5. Nf3 Nh6 6. Bd3 O-O 7. O-O f6 8. Qe2 Nf7 9. Bd2 e5 10. Rae1 Nd7 11. exd5 cxd5 12. Nxd5 exd4 13. Ne7+ Kh8 14. Nxd4 Nde5 15. Bxg6 hxg6 16. Nxg6+ Kg8 17. Nxe5 fxe5 18. Nf3 Bf5 19. Bc3 Re8 20. Qc4 Rc8 21.
Qb3 Qb6 22. Qd5 Red8 23. Qb3 Qxb3 24. cxb3 Bd3 25. g4 e4 26. Bxg7 Kxg7 27. Nh4 Bxf1 28. Nf5+ Kf6 29. Kxf1 Ng5 30. h4 Nf3 31. Rxe4 Nd2+ 0-1

[Event "*** Titled Tuesday Blitz"]
[Site "Chess.com"]
[Date "2019.12.03"]
[Round "7"]
[White "AryanTari"]
[Black "Elshan1985"]
[Result "0-1"]
[WhiteElo "2840"]
[BlackElo "2748"]
[TimeControl "180+2"]
[EndTime "14:34:20 PST"]
[Termination "Elshan1985 won by resignation"]

1. e4 e6 2. d4 d5 3. Nc3 Nf6 4. e5 Nfd7 5. f4 c5 6. Nf3 Nc6 7. Be3 a6 8. Qd2 Qb6 9. Nd1 Be7 10. c3 Qa5 11. Bd3 b5 12. O-O b4 13. Qf2 bxc3 14.
bxc3 g6 15. g4 cxd4 16. cxd4 Nb4 17. Bb1 h5 18. h3 hxg4 19. hxg4 Nb6 20. Nb2 Nc4 21. a3 Nxe3 22. Qxe3 Nc6 23. Nd3 Rb8 24. Bc2 Bd7 25. Kg2 Qc3 26. Rfc1 Rb2 27. Qf2 Nxd4 28. Nxd4 Bh4 29. Qe3 Bb5 30. Kf3 Be1 31. Qxe1 Rh3+ 32.
Kg2 Qxd3 33. Rd1 Rxc2+ 34. Nxc2 Qf3+ 0-1

[Event "*** Titled Tuesday Blitz"]
[Site "Chess.com"]
[Date "2019.12.03"]
[Round "7"]
[White "SanchezKelvin"]
[Black "SmirnovAlexandrA"]
[Result "1-0"]
[WhiteElo "2434"]
[BlackElo "2224"]
[TimeControl "180+2"]
[EndTime "14:34:38 PST"]
[Termination "SanchezKelvin won by resignation"]

1. d4 Nf6 2. c4 g6 3. Nc3 Bg7 4.
e4 O-O 5. Nf3 d6 6. Be2 e5 7.
dxe5 dxe5 8. Qxd8 Rxd8 9. Bg5 Re8 10. Nd5 Nxd5 11. cxd5 c6 12. Bc4 cxd5 13. Bxd5 Nc6 14.
O-O h6 15. Be3 Be6 16. Bxc6 bxc6 17. Rac1 Bxa2 18. Rxc6 Be6 19. Ra1 Reb8 20. Bc1 a5 21.
Rc5 a4 22. Nxe5 Bxe5 23. Rxe5 Bb3 24. Bxh6 Re8 25. Rxe8+ Rxe8 26. f3 Rc8 27. Bd2 Rc2 28. Bc3 Kf8 29. h4 Ke7 30. Kh2 Ke6 31. Kg3 f5 32. exf5+ Kxf5 33. Bh8 Rc8 34. Bd4 Rc4 35. Bc3 Rc6 36. Kf2 Ke6 37. g4 Kf7 38. Ke3 Re6+ 39.
Kf2 Rc6 40. Be5 Rc2+ 41. Kg3 Re2 42. Kf4 Rh2 43. Kg5 Rf2 44. f4 Rg2 45. h5 gxh5 46.
Kxh5 Ke6 47. Rc1 Kd5 48. Kg5 Ke4 49. Rc6 Bd1 50. Rc4+ Ke3 51. f5 Be2 52. Rxa4 1-0

[Event "*** Titled Tuesday Blitz"]
[Site "Chess.com"]
[Date "2019.12.03"]
[Round "7"]
[White "albano87"]
[Black "HanSchut"]
[Result "1-0"]
[WhiteElo "2114"]
[BlackElo "2312"]
[TimeControl "180+2"]
[EndTime "14:34:40 PST"]
[Termination "albano87 won by resignation"]

1. d4 Nf6 2. Nf3 d5 3. g3 g6 4. Bg2 Bg7 5. O-O O-O 6. c4 dxc4 7. Na3 c5 8. Nxc4 Be6 9. Nfe5 Nc6 10. dxc5 Nxe5 11. Nxe5 Qc7 12. Bf4 Qxc5 13. Bxb7 Rad8 14. Qc1 Qb5 15. Bg2 Nh5 16. Nc6 Nxf4 17. Qxf4 Rd7 18.
Rad1 Rxd1 19. Rxd1 Qxe2 20. Nxe7+ Kh8 21. Qd2 Qb5 22. b3 Bf6 23. Nd5 Rd8 24. Qf4 Bg7 25. Ne3 Rxd1+ 26. Nxd1 Qd7 27. Ne3 h6 28. h4 Kh7 29.
Be4 Qd2 30. h5 f5 31. hxg6+ Kxg6 32. Bxf5+ Kf7 33. Bh7+ Bf6 34. Bg8+ Kxg8 35. Qxf6 Qd1+ 36. Nxd1 1-0

[Event "*** Titled Tuesday Blitz"]
[Site "Chess.com"]
[Date "2019.12.03"]
[Round "7"]
[White "Perecke"]
[Black "LawrenceTrent"]
[Result "0-1"]
[WhiteElo "2182"]
[BlackElo "2678"]
[TimeControl "180+2"]
[EndTime "14:34:42 PST"]
[Termination "LawrenceTrent won by resignation"]

1. e4 c5 2. Nf3 Nc6 3. d4 cxd4 4. Nxd4 Nf6 5. Nc3 d6 6. Bg5 Qb6 7. Nb3 e6 8. Bd3 a6 9. O-O Be7 10. Be3 Qc7 11. Na4 Nd7 12. f4 b5 13. Nc3 Bb7 14. f5 O-O 15. Nd4 Nxd4 16. Bxd4 e5 17. Be3 Nc5 18. Nd5 Bxd5 19. exd5 Bf6 20. g4 e4 21. Be2 Bxb2 22. Rb1 Be5 23. Bd4 Rfe8 24. Bxe5 Rxe5 25.
f6 g6 26. Qd2 e3 27. Qe1 h6 28.
Qh4 Kh7 29. Rf5 Rxf5 30. gxf5 g5 31. Qh5 Rf8 32. Rf1 Qd8 33. Rf3 Qxf6 34. Rh3 Nd7 35. Rxe3 Qd4 36. Qf3 Re8 37. Kf2 Nf6 38. Bd3 Rxe3 39.
Qxe3 Ng4+ 0-1

[Event "*** Titled Tuesday Blitz"]
[Site "Chess.com"]
[Date "2019.12.03"]
[Round "7"]
[White "RiskyDecision"]
[Black "Misi_95"]
[Result "1/2-1/2"]
[WhiteElo "2528"]
[BlackElo "2674"]
[TimeControl "180+2"]
[EndTime "14:34:42 PST"]
[Termination "Game drawn by repetition"]

1. d4 Nf6 2. c4 e6 3. g3 c5 4. Nf3 d5 5. Bg2 cxd4 6. cxd5 Qxd5 7. Qxd4 Nc6 8. Qxd5 Nxd5 9. O-O Be7 10. Nbd2 O-O 11. Nc4 b5 12. Nce5 Nxe5 13. Nxe5 Bb7 14. Bd2 Rfd8 15. Ba5 Rdc8 16. Rac1 Bf6 17. Nd3 Be7 18.
Nb4 f6 19. Nxd5 Bxd5 20. Bxd5 exd5 21. Bc7 Kf7 22. Rfd1 Ke6 23. e3 a5 24. Bb6 Rc4 25.
b3 Rxc1 26. Rxc1 a4 27. bxa4 Rxa4 28. Rc2 Rc4 29. Rb2 b4 30. Bd4 h5 31. Kg2 g5 32. h3 Kf5 33. f3 g4 34. fxg4+ hxg4 35. Rf2+ Kg6 36. hxg4 Kg5 37. Kf3 Rc1 38. Rh2 Rf1+ 39.
Ke2 Rg1 40. Kf2 Rc1 41. Kf3 Rf1+ 42. Ke2 Rc1 43. Kf3 1/2-1/2

[Event "*** Titled Tuesday Blitz"]
[Site "Chess.com"]
[Date "2019.12.03"]
[Round "7"]
[White "ehrenfeld"]
[Black "champ2005"]
[Result "0-1"]
[WhiteElo "2562"]
[BlackElo "2939"]
[TimeControl "180+2"]
[EndTime "14:34:48 PST"]
[Termination "champ2005 won by resignation"]

1. e4 c5 2. Nf3 d6 3. Bc4 Nf6 4. d3 Nc6 5. O-O g6 6. h3 Bg7 7.
a3 O-O 8. Nc3 Rb8 9. Be3 e5 10.
Qd2 Nd4 11. Nh2 b5 12. Ba2 Be6 13. Bg5 h6 14. Bxf6 Qxf6 15. Nd5 Qd8 16. c3 Nc6 17. f4 exf4 18. Qxf4 Ne5 19. Rad1 c4 20. d4 Nd3 21. Qd2 f5 22. Nf4 Nxf4 23. Qxf4 g5 24. Qe3 f4 25. Qe2 Qe8 26. Bb1 h5 27. e5 d5 28.
Nf3 Bh6 29. Qc2 Bf5 30. Qe2 Be6 31. Qc2 Bf5 32. Qe2 Bxb1 33. Rxb1 g4 34. Nh2 f3 35.
Qf2 Qg6 36. hxg4 hxg4 37. Qg3 Bf4 38. Qh4 Be3+ 39. Kh1 fxg2+ 40. Kxg2 Qe4+ 41. Kg3 Bf4+ 42. Rxf4 Qxf4+ 43. Kg2 Qe4+ 44. Kg3 Qxb1 45. Qg5+ Kh7 46. Nxg4 Qg1+ 0-1

[Event "*** Titled Tuesday Blitz"]
[Site "Chess.com"]
[Date "2019.12.03"]
[Round "7"]
[White "SCIM"]
[Black "wnstop"]
[Result "0-1"]
[WhiteElo "2511"]
[BlackElo "2679"]
[TimeControl "180+2"]
[EndTime "14:34:50 PST"]
[Termination "wnstop won by resignation"]

1. d4 Nf6 2. c4 g6 3. Nc3 Bg7 4. e4 d6 5. f3 O-O 6. Bg5 Nc6 7.
Nge2 a6 8. Qd2 Na5 9. Ng3 b5 10. h4 h5 11. Bh6 e5 12. Bxg7 Kxg7 13. O-O-O exd4 14. Qxd4 Nc6 15. Qe3 Be6 16. c5 b4 17.
Nd5 Bxd5 18. exd5 Re8 19. Qd2 Ne5 20. Qxb4 Rb8 21. Qc3 dxc5 22. Qxc5 Rb6 23. Kb1 Qd7 24. Be2 Reb8 25. b3 Kh7 26. Qc3 Qd6 27. Ne4 Nxe4 28.
fxe4 a5 29. Ka1 Rb4 30. Bf3 a4 31. bxa4 Rxa4 32. Rb1 Rba8 33. Rb2 Nc4 34. Rf2 Qa6 35. Qc2 Qf6+ 36. Kb1 Na3+ 0-1

[Event "*** Titled Tuesday Blitz"]
[Site "Chess.com"]
[Date "2019.12.03"]
[Round "7"]
[White "Firouzja2003"]
[Black "Bulldog167"]
[Result "1-0"]
[WhiteElo "3158"]
[BlackElo "2896"]
[TimeControl "180+2"]
[EndTime "14:34:51 PST"]
[Termination "Firouzja2003 won by resignation"]

1. e4 e6 2. d4 d5 3. Nc3 Bb4 4. e5 c5 5. a3 Bxc3+ 6. bxc3 Ne7 7. Nf3 Nbc6 8. Be2 Qa5 9. Bd2 Qa4 10. Qb1 c4 11. O-O Bd7 12. Qb2 O-O-O 13. Rfb1 b6 14. Qc1 Rdf8 15. h4 Kb7 16. Bf4 Ka8 17. h5 h6 18. Nh4 Nd8 19. Rb4 Qa5 20. a4 Ndc6 21. Qa3 Nxb4 22. cxb4 Qxa4 23. Qxa4 Bxa4 24. Rxa4 g5 25.
hxg6 fxg6 26. Bc1 g5 27. Nf3 Kb7 28. b5 Rc8 29. c3 Ra8 30. Ra6 Ng6 31. Nh2 Nf8 32. Bh5 Rh7 33. Ng4 Nd7 34. Nf6 Nxf6 35. exf6 Rf8 36. f7 Rhxf7 37. Bxf7 Rxf7 38. Ra2 Re7 39.
Ba3 Re8 40. Bd6 Ra8 41. g4 Rd8 42. Be5 Rd7 43. Kg2 Rf7 44. f3 Ka8 45. Kg3 Kb7 46.
f4 gxf4+ 47. Bxf4 Rf6 48. Rh2 a6 49. bxa6+ Kxa6 50. Rxh6 Rf8 51. Rxe6 Kb5 52. g5 Ka4 53. Rxb6 1-0

[Event "*** Titled Tuesday Blitz"]
[Site "Chess.com"]
[Date "2019.12.03"]
[Round "7"]
[White "WeAintSurePal"]
[Black "Frolik67"]
[Result "1-0"]
[WhiteElo "2395"]
[BlackElo "2532"]
[TimeControl "180+2"]
[EndTime "14:34:54 PST"]
[Termination "WeAintSurePal won by resignation"]

1. Nf3 d5 2. c4 e6 3. b3 Nf6 4. Bb2 Bd6 5. g3 O-O 6. Bg2 c6 7. O-O Re8 8. d3 Nbd7 9. Nc3 Nf8 10. e4 Ng6 11. Qe2 dxe4 12. dxe4 Qc7 13. h4 e5 14. a3 Bg4 15. b4 Rad8 16. Rfd1 Nf8 17. Qe3 Ne6 18.
Ne2 Nd7 19. c5 Bf8 20. Rxd7 Rxd7 21. Nxe5 Bxe2 22. Nxd7 Qxd7 23. Qxe2 Rd8 24. Bf3 Qd3 25.
Rd1 Qb3 26. Rxd8 Nxd8 27. Bg4 h6 28. Qd2 Ne6 29. Qc3 Qa2 30. Be2 Qb1+ 31. Kg2 Qxe4+ 32. Bf3 Qg6 33. Qe3 Qc2 34. Be5 Qa2 35. Bd6 a5 36. b5 cxb5 37. Bxb7 Bxd6 38. cxd6 b4 39. axb4 axb4 40.
d7 Qc2 41. d8=Q+ Nxd8 42. Qe8+ Kh7 43. Be4+ 1-0

[Event "*** Titled Tuesday Blitz"]
[Site "Chess.com"]
[Date "2019.12.03"]
[Round "7"]
[White "ruvat"]
[Black "arminmusovic"]
[Result "0-1"]
[WhiteElo "2381"]
[BlackElo "2549"]
[TimeControl "180+2"]
[EndTime "14:34:55 PST"]
[Termination "arminmusovic won on time"]

1. d4 d5 2. c4 c5 3. cxd5 Qxd5 4. Nf3 cxd4 5. Nc3 Qa5 6. Nxd4 Nf6 7. g3 e5 8. Nb3 Qc7 9. Bg2 Bb4 10. O-O Bxc3 11. bxc3 O-O 12. Bg5 Nbd7 13. Qc2 h6 14. Be3 Nb6 15. Rfd1 Bg4 16. Na5 e4 17. c4 Nbd5 18. Bd2 Bxe2 19. Rdc1 Bd3 20. Qb3 Nb6 21. c5 Nbd5 22.
Qxb7 Qe5 23. Nc6 Qh5 24. h3 Kh8 25. Qb2 Rae8 26. Qd4 Be2 27. Nxa7 Bf3 28. Bf1 e3 29. Bxe3 Nxe3 30. fxe3 Ng4 0-1

[Event "*** Titled Tuesday Blitz"]
[Site "Chess.com"]
[Date "2019.12.03"]
[Round "7"]
[White "Egorov_Pavel"]
[Black "vladimirdamjanovic"]
[Result "0-1"]
[WhiteElo "2371"]
[BlackElo "2578"]
[TimeControl "180+2"]
[EndTime "14:34:57 PST"]
[Termination "vladimirdamjanovic won on time"]

1. d4 Nf6 2. c4 c5 3. d5 b5 4. cxb5 a6 5. bxa6 d6 6. Nc3 g6 7. e4 Bg7 8. Nf3 Qa5 9. Bd2 Bxa6 10. Be2 Bxe2 11. Qxe2 Qa6 12. Qxa6 Nxa6 13. O-O O-O 14. a4 Nd7 15. Rfb1 Rfb8 16. Nb5 Nb4 17. Ne1 Nb6 18.
Bxb4 cxb4 19. b3 Bxa1 20. Rxa1 Nxd5 21. Nxd6 exd6 22. exd5 Ra5 23. Rd1 Rc5 24. h3 Rc3 25.
Rb1 Ra8 26. Kf1 Ra5 0-1

[Event "*** Titled Tuesday Blitz"]
[Site "Chess.com"]
[Date "2019.12.03"]
[Round "7"]
[White "CarlssonLudvig"]
[Black "2165149677570"]
[Result "0-1"]
[WhiteElo "2425"]
[BlackElo "2353"]
[TimeControl "180+2"]
[EndTime "14:35:00 PST"]
[Termination "2165149677570 won by resignation"]

1. Nf3 c5 2. c4 Nc6 3. g3 g6 4.
Bg2 Bg7 5. O-O e5 6. Nc3 Nge7 7. Ne1 h5 8. h4 d6 9. Nc2 Be6 10. Ne3 Qd7 11. Ned5 O-O 12. d3 Bh3 13. Bh6 Bxg2 14. Kxg2 Rab8 15. Bxg7 Kxg7 16. e3 Nxd5 17. Nxd5 b5 18.
b3 f5 19. f4 Ne7 20. Nxe7 Qxe7 21. Qf3 bxc4 22. dxc4 e4 23. Qe2 a5 24. Rad1 a4 25. Qc2 axb3 26. axb3 Rb6 27. Rd5 Rfb8 28. Qc3+ Qf6 29.
Qxf6+ Kxf6 30. Rfd1 Ke6 31. Kf2 Ra6 32. Rb1 Ra2+ 33.
Ke1 Ra3 34. Rbd1 Rb6 35. b4 Rxe3+ 36. Kf2 Rf3+ 37. Kg2 cxb4 38. c5 dxc5 39. Re5+ Kf6 40. Rd7 Rd3 41. Rc7 Rd8 42. Ree7 Rf8 43. g4 fxg4 44.
f5 gxf5 45. Kg3 Re6 46. Rh7 Ke5 47. Rxc5+ Kd4 48. Rb5 f4+ 49. Kf2 Kc4 50. Rbxh5 e3+ 51. Ke1 f3 52. Rc7+ Kb3 0-1

[Event "*** Titled Tuesday Blitz"]
[Site "Chess.com"]
[Date "2019.12.03"]
[Round "7"]
[White "rogapa"]
[Black "kuli4ik"]
[Result "1/2-1/2"]
[WhiteElo "2729"]
[BlackElo "2820"]
[TimeControl "180+2"]
[EndTime "14:35:03 PST"]
[Termination "Game drawn by repetition"]

1. e4 g6 2. d4 Bg7 3. Nc3 a6 4. f4 b5 5. Nf3 Bb7 6. Bd3 d6 7. O-O Nd7 8. e5 e6 9. Be4 Bxe4 10.
Nxe4 Nb6 11. b3 Ne7 12. Qe1 a5 13. c3 a4 14. Ba3 Nec8 15. Qe2 Qd7 16. Nfd2 O-O 17.
Kh1 Nd5 18. c4 axb3 19. axb3 bxc4 20. bxc4 Ndb6 21. c5 Nd5 22. cxd6 cxd6 23. Bxd6 Rxa1 24. Rxa1 Nxd6 25. Nxd6 Nxf4 26. Qf3 Nd5 27. N2e4 Qc7 28. h3 h6 29. Rb1 Qa7 30. Qf2 Qa3 31. Rb7 Qc1+ 32.
Kh2 Ne3 33. Rxf7 Nf1+ 34. Kg1 Ng3+ 35. Kh2 Nf1+ 36. Kg1 Ng3+ 37. Kh2 Nf1+ 1/2-1/2

[Event "*** Titled Tuesday Blitz"]
[Site "Chess.com"]
[Date "2019.12.03"]
[Round "7"]
[White "nitpicker"]
[Black "GoldenShare"]
[Result "0-1"]
[WhiteElo "2295"]
[BlackElo "2464"]
[TimeControl "180+2"]
[EndTime "14:35:07 PST"]
[Termination "GoldenShare won on time"]

1. d4 d5 2. c4 dxc4 3. e4 b5 4. Nf3 Bb7 5. a4 a6 6. axb5 axb5 7. Rxa8 Bxa8 8. b3 Nf6 9. e5 Ne4 10. bxc4 bxc4 11. Bxc4 e6 12. O-O Be7 13. Be3 O-O 14. Qc2 Nd7 15. Bd3 f5 16. exf6 Ndxf6 17. Nbd2 Nxd2 18.
Nxd2 Bd6 19. Ne4 Nxe4 20. Bxe4 Qh4 21. f4 Bxe4 22. Qxe4 Qf6 23. Rf2 Qf5 24. Qxf5 exf5 25. Rc2 Kf7 26. Kf2 Ke6 27. Kf3 Kd5 28. Ra2 Rb8 29.
Ra5+ Ke6 30. h3 Rb3 31. g4 g6 32. Ra8 Ba3 33. Kf2 Kd5 34. Re8 Kc4 35. Rc8 Bd6 0-1

[Event "*** Titled Tuesday Blitz"]
[Site "Chess.com"]
[Date "2019.12.03"]
[Round "7"]
[White "aquaticpineapples"]
[Black "VeraNebolsina"]
[Result "0-1"]
[WhiteElo "2220"]
[BlackElo "2359"]
[TimeControl "180+2"]
[EndTime "14:35:07 PST"]
[Termination "VeraNebolsina won by resignation"]

1. d4 Nf6 2. Nf3 g6 3. Nbd2 Bg7 4. e4 d6 5. Bd3 O-O 6. O-O b6 7. a4 a6 8. a5 b5 9. c4 bxc4 10. Nxc4 Bb7 11. Qc2 Nc6 12. Bd2 Nd7 13. Bc3 e5 14. dxe5 Ndxe5 15. Ncxe5 Nxe5 16. Nxe5 Bxe5 17. Bxe5 dxe5 18.
Rfc1 c5 19. Qe2 Qd4 20. Rc4 Qd6 21. Rac1 Rfd8 22. Bb1 Bc6 23. Rxc5 Bb5 24. Qe3 Qd1+ 25. Qe1 Qb3 26. R5c2 Kg7 27. Qc3 Qe6 28. f4 Rd4 29.
Rf2 Rad8 30. h3 Qd6 31. fxe5 Qxe5 32. Rd1 Rxd1+ 0-1